 Dungeon Crawl Stone Soup version 0.30.1-3-gfc49f6343a (webtiles) character file.

Game seed: 8632248729309436651

95 croobank the Sneak (level 4, -1/33 HPs)
             Began as an Octopode Delver on July 28, 2023.
             Splashed by a jelly's acid (7 damage)
             ... on level 4 of the Dungeon.
             The game lasted 00:02:02 (154 turns).

croobank the Sneak (Octopode Delver)                 Turns: 154, Time: 00:02:02

Health: -1/33      AC: -7    Str: 11    XL:     4   Next: 65%
Magic:  4/4        EV: 13    Int: 14    God:
Gold:   0          SH:  0    Dex: 13    Spells: 3/3 levels left

rFire   . . .        a - +0 short sword
rCold   . . .        (no shield)
rNeg    . . .        (helmet restricted)
rPois   .            (no amulet)
rElec   .            (no ring)
rCorr   .            (no ring)
SInv    .            (no ring)
Will    .....        (no ring)
Stlth   ++++         (no ring)
HPRegen 0.25/turn    (no ring)
MPRegen 0.09/turn    (no ring)
                     (no ring)

%: no passive effects
@: corroded, on berserk cooldown, slowed, very slow
A: almost no armour, amphibious, 8 rings, camouflage 1, gelatinous body 1,
(nimble swimmer 1), tentacles
a: no special abilities


You were on level 4 of the Dungeon.
You visited 1 branch of the dungeon, and saw 3 of its levels.

Inventory:

Hand Weapons
 a - a +0 short sword (weapon)
Wands
 f - a wand of digging (3)


   Skills:
 + Level 3.6 Fighting
 + Level 2.9 Short Blades
 + Level 2.8 Dodging
 + Level 7.3 Stealth


You had 3 spell levels left.
You didn't know any spells.
Your spell library was empty.

Dungeon Overview and Level Annotations

Branches:
Dungeon (6/15)
 Temple: D:4-7

Altars:

Annotations:
D:4 Dowan


Innate Abilities, Weirdness & Mutations

You cannot wear most types of armour.
You are amphibious.
You can wear up to eight rings at the same time.
Your skin changes colour to match your surroundings (Stealth+).
Your rubbery body absorbs attacks. (AC +1, EV +1)
((You are camouflaged when in or above water. (Stealth+)))
You have tentacles for arms and can constrict up to eight enemies at once.


Message History

You feel a strong urge to attack something.
The adder hisses angrily.
You hear a shout!
The dart slug launches a dart at you. The slug dart hits you.
Dowan, Brother of Duvessa comes into view.
He is wielding a +0 dagger.
You see here a scroll labelled QAATTY CERAU.
You puncture the dart slug! You grab the dart slug. You squeeze the dart slug.
You kill the dart slug!
Things that are here:
a +0 whip; an orc corpse; a ball python corpse You feel a strong urge to attack something.
You are no longer berserk.
You are exhausted.
You feel yourself slow down.
You hit the jelly.
Your tentacles burn!
The jelly is lightly wounded.
The jelly closely misses you.
Dowan gestures wildly while chanting.
Dowan blinks!
You aren't carrying any scrolls.
You hit the jelly but do no damage. The acid corrodes you!
Your tentacles burn!
You squeeze the jelly, but do no damage.
The jelly is lightly wounded.
The jelly closely misses you.
Dowan casts a spell.
Dowan blinks!
You hit the jelly but do no damage.
Your tentacles burn!
You squeeze the jelly, but do no damage.
The jelly is lightly wounded.
The jelly hits you.
You are splashed with acid!
* * * LOW HITPOINT WARNING * * *
The jelly closely misses you.
Dowan gestures wildly while chanting.
Dowan blinks!
You barely miss the jelly. You squeeze the jelly.
The jelly is moderately wounded.
The jelly hits you.
* * * LOW HITPOINT WARNING * * *
You are splashed with acid!
You die...

. .. ...#######
.........###
....§......
.........#########
......e†lJ@.......
..#.....§###...##.
#####+#.. #.# ..#
.. ..# # ..# ..#
...


You could see Dowan, an iguana and a jelly.

Vanquished Creatures
  A jelly (D:4)
  An iguana (D:5)
  An orc wizard (D:5)
  A dart slug (D:4)
  4 orcs
  A hobgoblin (D:4)
  A ball python (D:4)
10 creatures vanquished.

Notes
Turn   | Place    | Note
-------+----------+-------------------------------------------
     0 | D:5      | croobank the Octopode Delver began the quest for the Orb.
     0 | D:5      | Reached XP level 1. HP: 16/16 MP: 1/1
    12 | D:6      | Noticed a black bear
    19 | D:6      | Noticed an iguana
    22 | D:6      | Noticed a black bear
    35 | D:5      | Noticed a jelly
    70 | D:5      | Noticed an iguana
    84 | D:5      | Killed an iguana
    85 | D:5      | Reached skill level 7 in Stealth
    85 | D:5      | Reached XP level 2. HP: 13/21 MP: 2/2
    85 | D:5      | Reached XP level 3. HP: 16/26 MP: 3/3
   121 | D:5      | Reached XP level 4. HP: 29/31 MP: 4/4
   123 | D:5      | Noticed an ogre
   147 | D:4      | Noticed Dowan
   154 | D:4      | Splashed by a jelly's acid

Illustrated notes

Levels and vault maps discovered:
D:4:      layout_basic, nicolae_overflow_crystal_walls, ebering_ghost_sewer_f,
          serial_shops, nicolae_stop_n_shop_2, chequers_serial_rivers_small_a,
          uniq_duvessa, uniq_grinder
D:5:      layout_basic
D:6:      layout_rooms, minmay_temple_entry_junction, uniq_blork_the_orc,
          uniq_menkaure, uniq_maggie

Skill      XL: |  1 |
---------------+----+-----
Stealth        | 7 |  7.3
Fighting       | |  3.6
Short Blades   | |  2.9
Dodging        | |  2.8

Action                     |  1- 3 |  4- 6 || total
---------------------------+-------+-------++-------
  Melee: Short sword       |    14 |    12 ||    26
         Tentacles         |     4 |     6 ||    10
         Constrict         |     3 |     2 ||     5
    Use: Potion            |     2 |     1 ||     3
         Scroll            |     2 |     1 ||     3
   Stab: Sleeping          |     2 |       ||     2
 Armour: Skin              |       |     2 ||     2
  Dodge: Dodged            |     4 |    13 ||    17
